 Dungeon Crawl Stone Soup version 0.13-a0-2682-gb26bf1a (webtiles) character file.

183 M4edhros the Magician (level 3, -2/22 HPs)
             Began as an Octopode Wanderer on Aug 13, 2013.
             Slain by an adder (5 damage)
             ... on Level 3 of the Dungeon.
             The game lasted 00:02:10 (1213 turns).

M4edhros the Magician (Octopode Wanderer)           Turns: 1213, Time: 00:02:10

HP  -2/22        AC  1     Str 12      XL: 3   Next: 87%
MP   7/7         EV 11     Int 15      God:
Gold 130         SH  0     Dex 10      Spells:  2 memorised,  8 levels left

Res.Fire  : . . .   See Invis. : .   e - +0 short sword
Res.Cold  : . . .   Warding    : .   (no shield)
Life Prot.: . . .   Conserve   : .   i - +0 wizard hat
Res.Poison: .       Res.Corr.  : .   (no amulet)
Res.Elec. : .       Clarity    : .   (no ring)
Sust.Abil.: . .     Spirit.Shd : .   (no ring)
Res.Mut.  : .       Stasis     : .   (no ring)
Res.Rott. : .       Flight     : .   (no ring)
Saprovore : . . .                    (no ring)
                                     (no ring)
                                     (no ring)
                                     (no ring)

@: not resistant to hostile enchantments, fairly stealthy
A: almost no armour, amphibious, 8 rings, constrict 8, camouflage 1, AC +1
a: no special abilities


You were on level 3 of the Dungeon.
You were hungry.

You visited 1 branch of the dungeon, and saw 3 of its levels.

You collected 80 gold pieces.

Inventory:

Hand weapons
 c - a +0,+0 club (quivered)
 e - a +0,+0 short sword (weapon)
 k - a +0,+0 sling
Missiles
 j - 36 sling bullets
 m - 18 steel sling bullets
Armour
 i - a +0 wizard hat (worn)
Comestibles
 d - 4 bread rations
Scrolls
 b - a scroll of teleportation {unknown}
 f - 2 scrolls of identify {unknown}
 g - 2 scrolls of enchant weapon II {unknown}
 h - a scroll of curse jewellery {unknown}
 l - a scroll of remove curse {unknown}
Potions
 n - 2 potions of resistance {unknown}
Books
 a - a book of Necromancy

   Spells                             Type                      Level
   *Pain                              Necromancy                   1
   Animate Skeleton                   Necromancy                   1
   Lethal Infusion                    Charms/Necromancy            2
   Vampiric Draining                  Necromancy                   3
   Regeneration                       Charms/Necromancy            3
   Animate Dead                       Necromancy                   4
   Control Undead                     Necromancy                   4


   Skills:
 - Level 1.0 Fighting
 - Level 2.0 Short Blades
 - Level 1.0 Throwing
 + Level 4.4 Spellcasting
 - Level 1.0 Necromancy
 - Level 1.2 Poison Magic
   Level 1.0 Invocations


You had 8 spell levels left.
You knew the following spells:

 Your Spells              Type           Power        Failure   Level  Hunger
a - Sting                 Conj/Pois      #...         14%         1    None
b - Pain                  Necr           #...         12%         1    None


Dungeon Overview and Level Annotations

Branches:
Dungeon (3/27)

Altars:
Ashenzari


Innate Abilities, Weirdness & Mutations

You cannot wear most types of armour.
You are amphibious.
You can wear up to eight rings at the same time.
You can use your tentacles to constrict many enemies at once.
Your skin changes colour to match your surroundings (Stlth).
Your rubbery body absorbs attacks (AC +1).


Message History

The hobgoblin hits you with an orcish club.
You hit the hobgoblin.
You kill the hobgoblin!
Things that are here:
an orcish leather armour; an orc corpse; an orcish short sword An adder comes into view.
You are feeling hungry.
Found a stone staircase leading down.
The adder barely misses you. The adder bites you.
* * * LOW HITPOINT WARNING * * *
You hit the adder but do no damage. Your grab misses the adder.
The adder barely misses you.
You hit the adder. Your grab misses the adder. Your squeeze misses the adder.
The adder is moderately wounded.
The adder bites you.
* * * LOW HITPOINT WARNING * * *
You closely miss the adder. Your grab misses the adder.
The adder is moderately wounded.
The adder bites you.
You die...

#.# #.........#
#.####.........# #
#..............###
.>.............#.. #.#
#>..[........ #.#
#...[w.......
#.######.#.).....#
#..###.....w..###w....#
#....S@..###### ###..)#
#..###.#.# ##...# #.#.#
##.....
..#.########..w.%.
####.##.......%(...
#.##.#####..(...
#.##.######.....
........w..%....
####.###..(.....


You could see a worm and an adder.

Vanquished Creatures
  A giant gecko (D:1)
  2 oozes (D:1)
  3 orcs (D:3)
  A ball python (D:3)
  3 bats (D:1)
  3 giant cockroaches
  2 goblins
  5 hobgoblins
  6 jackals
  2 giant newts
  8 kobolds
  8 rats
44 creatures vanquished.

Notes
Turn   | Place    | Note
--------------------------------------------------------------
     0 | D:1      | M4edhros, the Octopode Wanderer, began the quest for the Orb.
     0 | D:1      | Reached XP level 1. HP: 12/12 MP: 2/2
     2 | D:1      | Learned a level 1 spell: Pain
   142 | D:1      | Reached XP level 2. HP: 16/18 MP: 4/4
   400 | D:1      | Reached XP level 3. HP: 12/22 MP: 6/6
   460 | D:1      | Reached skill level 4 in Spellcasting
   827 | D:3      | Found a shattered altar of Ashenzari.
  1213 | D:3      | Slain by an adder

Action                   || total
-------------------------++-------
Melee: Unarmed           ||    25
       Club              ||     3
       Short sword       ||    82
  Use: Potion            ||     1
 Stab: Sleeping          ||     4
